 Dungeon Crawl Stone Soup version 0.31-a0-702-gf82c85558f (webtiles) character file.

Game seed: 13821703501734729730

614 qw the Skirmisher (level 7, -8/44 HPs)
             Began as a Gargoyle Hunter on Sept 8, 2023.
             Mangled by an ogre
             ... wielding a +0 giant club
              (25 damage)
             ... on level 4 of the Dungeon.
             The game lasted 00:01:40 (3848 turns).

qw the Skirmisher (Gargoyle Hunter)                 Turns: 3848, Time: 00:01:41

Health: -8/44      AC: 13    Str: 15    XL:     7   Next: 44%
Magic:  7/7        EV: 11    Int:  9    God:
Gold:   246        SH:  0    Dex: 15    Spells: 6/6 levels left

rFire   + . .        Y - +0 shortbow
rCold   + . .        (shield currently unavailable)
rNeg    + . .        l - +0 ring mail
rPois   inf          (no helmet)
rElec   +            h - scarf {rC+ rF+}
rCorr   .            (no gloves)
SInv    .            b - +2 pair of boots
Will    .....        (no amulet)
Stlth   +            (no ring)
HPRegen 0.27/turn    (no ring)
MPRegen 0.10/turn

%: no passive effects
@: no status effects
A: sickness immunity, AC +4, negative energy resistance 1, electricity
resistance, torment resistance 1, petrification resistance
a: no special abilities


You were on level 4 of the Dungeon.
You visited 1 branch of the dungeon, and saw 4 of its levels.

You collected 246 gold pieces.


Innate Abilities, Weirdness & Mutations

You are immune to sickness and miasma.
Your stone body is resilient. (AC +4)
You are immune to poison.
You resist negative energy. (rN+)
You are resistant to electric shocks. (rElec)
You are resistant to unholy torment.
You are immune to petrification.


   Skills:
 + Level 4.3 Fighting
 - Level 8.0 Ranged Weapons
 - Level 1.1 Armour
 - Level 1.5 Dodging
 - Level 1.1 Stealth


You had 6 spell levels left.
You didn't know any spells.
Your spell library was empty.

Inventory:

Hand Weapons
 Y - a +0 shortbow (weapon)
Armour
 b - a +2 pair of boots (worn)
 h - a scarf of resistance (worn)
 l - a +0 ring mail (worn)
Scrolls
 a - a scroll of identify
 c - a scroll of acquirement {unknown}
 d - a scroll of fear {unknown}
Potions
 g - a potion of heal wounds
 j - a potion of might
 m - a potion of enlightenment

Dungeon Overview and Level Annotations

Branches:
Dungeon (4/15)
 Temple: D:4-7

Altars:
Gozag
Trog
Uskayaw
Xom

Annotations:
D:2 1 runed translucent door, Crazy Yiuf
D:3 2 transporters, qw's ghost, weakling GrHu


Message History

You kill the hound!
There is a stone staircase leading down here.
You see here a +0 dagger.
d - a scroll labelled TIPOOL ZISHREI You now have 246 gold pieces (gained 14).
An ogre comes into view. It is wielding a +0 giant club.
You shoot an arrow.
The arrow hits the ogre but does no damage.
The ogre shouts!
You shoot an arrow. The arrow barely misses the ogre.
You shoot an arrow. The arrow barely misses the ogre.
A giant cockroach comes into view.
You shoot an arrow. The arrow hits the giant cockroach!
You kill the giant cockroach!
You shoot an arrow. The arrow completely misses the ogre.
The ogre hits you with a +0 giant club!
You shoot an arrow. The arrow hits the ogre!
The ogre is moderately wounded.
The ogre barely misses you.
You shoot an arrow. The arrow barely misses the ogre.
You shoot an arrow. The arrow barely misses the ogre.
The ogre closely misses you.
You shoot an arrow. The arrow barely misses the ogre.
The ogre hits you with a +0 giant club!
You shoot an arrow. The arrow hits the ogre.
The ogre is moderately wounded.
The ogre barely misses you.
You shoot an arrow. The arrow hits the ogre.
The ogre is heavily wounded.
You shoot an arrow. The arrow hits the ogre.
The ogre is heavily wounded.
The ogre hits you with a +0 giant club!
3847 ||| DRINKING 2 potions of heal wounds.
You feel much better. The ogre hits you with a +0 giant club!
You shoot an arrow. The arrow hits the ogre.
The ogre is heavily wounded.
The ogre hits you with a +0 giant club!!
Ouch! That really hurt!
You die...

####)... #....... #.....##
#.##### ######### ###
####.......# #..........#
#.###.###..# ###
#.##...##.@# ###...
##.#.....#..O......###...o..
#..#.....#.........#....h..(
#..#.....#.........#......o.
#..##...##..#.....##..###
#..###.###..##....#..)..####
#..........#####..#...).....
#....##.......# ###.........
###.####......# #####.....


You could see an ogre.

Vanquished Creatures
  Duvessa (D:4)
  A scorpion (D:4)
  A wight (D:4)
  Dowan (D:4)
  3 hounds (D:4)
  2 orc priests (D:4)
  Natasha (twice) (D:2)
  2 adders (D:4)
  4 shadow imps (D:4)
  2 white imps (D:4)
  3 ufetubi (D:4)
  3 worms (D:2)
  A dart slug (D:2)
  6 orcs
  2 bats
  6 endoplasms
  7 giant cockroaches
  4 goblins
  4 hobgoblins
  3 ball pythons
  2 frilled lizards (D:3)
  9 kobolds
  5 rats
74 creatures vanquished.

Notes
Turn   | Place    | Note
-------+----------+-------------------------------------------
     0 | D:1      | qw the Gargoyle Hunter began the quest for the Orb.
     0 | D:1      | Reached XP level 1. HP: 12/12 MP: 1/1
     0 | D:1      | 0 ||| qw: Version: 0.3-a-76-g4403597
     0 | D:1      | 0 ||| qw: Game counter: 1226
     0 | D:1      | 0 ||| qw: Melee chars always use a shield: true
     0 | D:1      | 0 ||| qw: God list: Okawaru
     0 | D:1      | 0 ||| qw: Allow faded altars: false
     0 | D:1      | 0 ||| qw: Do Orc after clearing Dungeon:15 true
     0 | D:1      | 0 ||| qw: Do second Lair branch before Depths: true
     0 | D:1      | 0 ||| qw: Lair rune preference: random
     0 | D:1      | 0 ||| qw: Goals: Normal
     0 | D:1      | 0 ||| PLANNING D:1-11
   364 | D:1      | Reached XP level 2. HP: 17/17 MP: 2/2
   812 | D:1      | Found a faded altar of an unknown god.
  1104 | D:1      | 1104 ||| READING scroll labelled QUAQEE ERGHOKO.
  1105 | D:1      | 1105 ||| READING scroll labelled ZAICYLUOTILL.
  1109 | D:1      | 1109 ||| READING scroll labelled AKIUGATYOKH.
  1110 | D:1      | 1110 ||| READING scroll labelled VAWNEHACEFE.
  1111 | D:1      | 1111 ||| DRINKING 2 amethyst potions.
  1112 | D:1      | 1112 ||| DROPPING scroll of butterflies.
  1264 | D:2      | Reached XP level 3. HP: 20/21 MP: 3/3
  1269 | D:2      | Reached skill level 5 in Ranged Weapons
  1571 | D:2      | Noticed Natasha
  1575 | D:2      | Killed Natasha
  1576 | D:2      | Reached skill level 3 in Fighting
  1576 | D:2      | Reached XP level 4. HP: 28/28 MP: 4/4
  1700 | D:2      | Noticed Natasha
  1709 | D:2      | Killed Natasha
  1847 | D:2      | Found a runed translucent door.
  1848 | D:2      | Noticed Crazy Yiuf
  1851 | D:2      | 1851 ||| UPGRADING to +0 pair of boots.
  1856 | D:2      | 1856 ||| UPGRADING to scarf of resistance.
  1861 | D:2      | 1861 ||| READING scroll of enchant armour.
  1861 | D:2      | 1861 ||| ENCHANTING +0 pair of boots.
  1862 | D:2      | 1862 ||| DRINKING 2 murky inky potions.
  1863 | D:2      | 1863 ||| DROPPING potion of magic.
  1943 | D:3      | Found a transporter.
  1948 | D:3      | Noticed qw's ghost (weakling GrHu)
  1950 | D:3      | Identified the +5 great mace "Ushiw" {heavy, MP+9 Int+4
                  | Dex-2}
  1950 | D:3      | Noticed an ogre
  1961 | D:3      | 1961 ||| READING scroll of enchant armour.
  1961 | D:3      | 1961 ||| ENCHANTING +1 pair of boots.
  2170 | D:3      | Found a shimmering altar of Xom.
  2174 | D:3      | Found a bloodstained altar of Trog.
  2176 | D:3      | Found an opulent altar of Gozag.
  2415 | D:3      | Found a transporter.
  2713 | D:3      | 2713 ||| DROPPING +1 pair of boots.
  2714 | D:3      | 2714 ||| UPGRADING to +0 ring mail.
  2724 | D:3      | 2724 ||| DROPPING +0 leather armour.
  2725 | D:3      | 2725 ||| DROPPING scarf of harm.
  2726 | D:3      | 2726 ||| READING 2 scrolls labelled YSOPRA XIDUOCO.
  2727 | D:3      | 2727 ||| READING 5 scrolls of identify.
  2727 | D:3      | 2727 ||| IDENTIFYING emerald potion
  2728 | D:3      | 2728 ||| READING 4 scrolls of identify.
  2728 | D:3      | 2728 ||| IDENTIFYING bubbling brown potion
  2729 | D:3      | 2729 ||| READING 3 scrolls of identify.
  2729 | D:3      | 2729 ||| IDENTIFYING viscous brown potion
  2730 | D:3      | 2730 ||| READING 2 scrolls of identify.
  2730 | D:3      | 2730 ||| IDENTIFYING fizzy pink potion
  2731 | D:3      | 2731 ||| DROPPING scroll of revelation.
  2732 | D:3      | 2732 ||| DROPPING potion of lignification.
  2733 | D:3      | 2733 ||| DROPPING potion of berserk rage.
  2815 | D:4      | Found a hide-covered altar of Uskayaw.
  2817 | D:4      | Noticed a +0 hand axe
  2817 | D:4      | Noticed a +0 dagger
  2852 | D:4      | Reached skill level 1 in Armour
  2855 | D:4      | Reached XP level 5. HP: 22/32 MP: 5/5
  2861 | D:4      | HP: 7/32 [orc/+0 trident (7)]
  2862 | D:4      | 2862 ||| READING scroll of teleportation.
  2863 | D:4      | 2863 ||| DRINKING 3 potions of heal wounds.
  2866 | D:4      | Noticed Duvessa
  2866 | D:4      | Noticed Dowan
  2867 | D:4      | 2867 ||| RETREATING.
  2868 | D:4      | 2868 ||| FLEEEEING.
  2869 | D:4      | 2869 ||| FLEEEEING.
  2870 | D:4      | 2870 ||| FLEEEEING.
  2878 | D:4      | 2878 ||| FLEEEEING.
  2879 | D:4      | 2879 ||| FLEEEEING.
  2880 | D:4      | 2880 ||| FLEEEEING.
  2884 | D:4      | 2884 ||| FLEEEEING.
  2886 | D:4      | 2886 ||| FLEEEEING.
  2888 | D:4      | 2888 ||| FLEEEEING.
  2889 | D:4      | 2889 ||| FLEEEEING.
  2890 | D:4      | 2890 ||| FLEEEEING.
  2893 | D:4      | 2893 ||| Stepping ~*~*~tactically~*~*~ (retreating).
  2895 | D:4      | 2895 ||| Stepping ~*~*~tactically~*~*~ (retreating).
  2896 | D:4      | 2896 ||| Stepping ~*~*~tactically~*~*~ (retreating).
  2898 | D:4      | 2898 ||| Stepping ~*~*~tactically~*~*~ (retreating).
  2901 | D:4      | 2901 ||| Stepping ~*~*~tactically~*~*~ (retreating).
  2902 | D:4      | 2902 ||| STAIRDANCE
  2989 | D:4      | 2989 ||| STAIRDANCE
  3043 | D:4      | 3043 ||| STAIRDANCE
  3079 | D:4      | 3079 ||| STAIRDANCE
  3083 | D:4      | 3083 ||| STAIRDANCE
  3087 | D:4      | 3087 ||| STAIRDANCE
  3092 | D:4      | 3092 ||| STAIRDANCE
  3103 | D:4      | Killed Duvessa
  3104 | D:4      | Reached skill level 6 in Ranged Weapons
  3104 | D:4      | Reached XP level 6. HP: 24/37 MP: 6/6
  3107 | D:4      | 3107 ||| STAIRDANCE
  3158 | D:4      | Killed Dowan
  3288 | D:4      | 3288 ||| RETREATING.
  3297 | D:4      | Reached skill level 7 in Ranged Weapons
  3538 | D:4      | Reached XP level 7. HP: 24/43 MP: 7/7
  3698 | D:4      | 3698 ||| Stepping ~*~*~tactically~*~*~ (outnumbered).
  3752 | D:4      | Reached skill level 8 in Ranged Weapons
  3846 | D:4      | HP: 2/44 [ogre/+0 giant club (14)]
  3847 | D:4      | 3847 ||| DRINKING 2 potions of heal wounds.
  3848 | D:4      | Mangled by an ogre

Levels and vault maps discovered:
D:1:      matt_arrival_refuge, layout_loops_corners, serial_aquarium,
          aquarium_bridge_square [aquarium_subvault_window,
          aquarium_subvault_window, aquarium_subvault_window,
          aquarium_subvault_bridge], aquarium_bridge_square
          [aquarium_subvault_window, aquarium_subvault_balcony,
          aquarium_subvault_wall, aquarium_subvault_bridge], aquarium_window_3,
          aquarium_window_1, aquarium_view_2a, aquarium_view_2b,
          aquarium_balcony_double_3, shapermc_ecumenical_altar_hornbeckon,
          st_stairs_9, minivault_27
D:2:      layout_basic, small_statue_intersection,
          chequers_serial_rivers_small_a, hangedman_feature_mirror,
          st_stairs_10, minmay_domino_4, uniq_natasha, uniq_crazy_yiuf_cottage
D:3:      layout_loops_corners, grunt_temple_overflow_open,
          gammafunk_ghost_smash
D:4:      kennysheep_spiral_hall, layout_cave_pools, dancing_weapons_uskayaw,
          serial_demonic, serial_demonic_f, serial_demonic_g, serial_demonic_a,
          serial_demonic_d, st_stairs_2, hangedman_decor_slide_cut,
          glass_columns_c, grunt_ministairs_3, minmay_misc_feat_enclosed,
          uniq_duvessa

Skill      XL: |  1  2  3  4  5  6  7 |
---------------+----------------------+-----
Ranged Weapons | 5 6 7 8 |  8.0
Fighting       | 3 4 |  4.3
Armour         | 1 |  1.1
Dodging        | |  1.5
Stealth        | |  1.1

Action                     |  1- 3 |  4- 6 |  7- 9 || total
---------------------------+-------+-------+-------++-------
  Melee: Unarmed           |       |     8 |       ||     8
   Fire: Shortbow          |   113 |   168 |    87 ||   368
    Use: Scroll            |     4 |     8 |       ||    12
         Potion            |     1 |     2 |     1 ||     4
 Armour: Leather armour    |    16 |       |       ||    16
         Ring mail         |       |   112 |    58 ||   170
         Skin              |       |     9 |       ||     9
  Dodge: Dodged            |    21 |   124 |    68 ||   213

Table legend:
 A = Non-vault XP
 B = Vault XP
 C = Vault XP percentage of total XP
 D = Non-vault monster count
 E = Vault monster count
 F = Vault count percentage of total count
                 A         B        C        D         E       F
            +---------+---------+-------+---------+---------+-------
      Total |     354 |     524 |  59.7 |      47 |      27 |  36.5
            +---------+---------+-------+---------+---------+-------
        D:1 |      17 |       4 |  19.0 |      11 |       2 |  15.4
        D:2 |      47 |      58 |  55.2 |       6 |       8 |  57.1
        D:3 |      20 |       0 |   0.0 |      13 |       0 |   0.0
        D:4 |     270 |     462 |  63.1 |      17 |      17 |  50.0
            +---------+---------+-------+---------+---------+-------
